[Event "Titled Tuesday Blitz August 08 Late 2023"]
[White "Prohaszka, Peter"]
[Black "Asadli, Vugar"]
[WhiteFideId "726265"]
[BlackFideId "13405764"]
[WhiteElo "2721"]
[BlackElo "2838"]
[Result "0-1"]
[Round "8"]
[TimeControl "180+1"]
[Date "2023.08.08"]
[WhiteClock "0:00:00"]
[BlackClock "0:00:49"]
[Board "23"]

1. d4 g6 2. Nf3 Bg7 3. e4 d6 4. c3 Nd7 5. Bd3 e5 6. O-O Ngf6 7. Re1 O-O 8. h3 b6 9. a4 a6 10. d5 Bb7 11. Na3 c6 12. dxc6 Bxc6 13. Nc2 Nc5 14. Nb4 Bb7 15. Bg5 a5 16. Nc2 d5 17. exd5 Qxd5 18. Bb5 Nfe4 19. Be7 Rfc8 20. Qxd5 Bxd5 21. Ne3 Be6 22. Ng4 Rc7 23. Bxc5 Nxc5 24. Ngxe5 Rd8 25. Nd4 Nb3 26. Nxe6 fxe6 27. Rab1 Nd2 28. Rbc1 Nb3 29. Rc2 Nd4 30. Rcc1 Nxb5 31. axb5 Rd5 32. Nf3 Rxb5 33. Rc2 Rc6 34. h4 h6 35. Rce2 Kf7 36. g3 Bf6 37. Kg2 h5 38. Rd1 Rd5 39. Red2 Rcd6 40. Kf1 b5 41. Ke2 Ke7 42. Ra1 a4 43. c4 Rxd2+ 44. Nxd2 Bxb2 45. Ra2 Bc1 46. Ne4 Rd4 47. Nc3 b4 48. Nxa4 b3 49. Ra1 Rxc4 50. Rb1 Rxa4 51. Rxc1 Ra2+ 52. Ke3 Kd6 53. Rc4 Rc2 54. Rb4 b2 55. f3 Kc5 56. Rb8 Kc4 57. g4 Rh2 58. gxh5 gxh5 59. f4 Kc3 60. Rc8+ Kb3 61. Rb8+ Ka2 62. Ra8+ Kb1 63. Re8 Kc1 64. Rc8+ Rc2 0-1


[Site "https://www.chess.com"]

[Event "Titled Tuesday Blitz August 08 Late 2023"]
[White "Lysyj, Igor"]
[Black "Sokolovsky, Yahli"]
[WhiteFideId "4150120"]
[BlackFideId "2820242"]
[WhiteElo "2836"]
[BlackElo "2702"]
[Result "1-0"]
[Round "8"]
[TimeControl "180+1"]
[Date "2023.08.08"]
[WhiteClock "0:00:09"]
[BlackClock "0:00:01"]
[Board "24"]

1. d4 d5 2. c4 e6 3. Nf3 c6 4. g3 dxc4 5. Bg2 b5 6. O-O Bb7 7. Ne5 Nf6 8. a4 a6 9. b3 cxb3 10. Qxb3 Qxd4 11. Bb2 Qb6 12. Nd2 Be7 13. Nxf7 Kxf7 14. Nc4 Qc7 15. Ne5+ Kf8 16. Qxe6 Bd6 17. Rfd1 Nd5 18. Bxd5 cxd5 19. Rac1 Qe7 20. Qf5+ Ke8 21. Rxd5 Rf8 22. Rc8+ Bxc8 23. Qxc8+ Qd8 24. Qb7 Nd7 25. Rxd6 Qc8 26. Qe4 Kd8 27. Rxd7+ Qxd7 28. Nxd7 Kxd7 29. axb5 axb5 30. Qb7+ Ke6 31. Qxb5 Rfb8 32. Qc6+ Ke7 33. Qc7+ Ke6 34. Qxg7 h5 35. h4 Rg8 36. Qe5+ Kd7 37. Qxh5 Rab8 38. Bd4 Rbc8 39. Qd5+ Ke7 40. h5 Rcd8 41. Qe5+ Kd7 42. h6 Rge8 43. Qf5+ Kc6 44. e3 Rd6 45. h7 Rdd8 46. h8=Q 1-0


[Site "https://www.chess.com"]

[Event "Titled Tuesday Blitz August 08 Late 2023"]
[White "Tologon tegin, Semetei"]
[Black "Talibov, Shiroghlan"]
[WhiteFideId "13800574"]
[BlackFideId "13429078"]
[WhiteElo "2635"]
[BlackElo "2831"]
[Result "0-1"]
[Round "8"]
[TimeControl "180+1"]
[Date "2023.08.08"]
[WhiteClock "0:01:22"]
[BlackClock "0:02:05"]
[Board "25"]

1. e4 c5 2. Nf3 Nc6 3. d4 cxd4 4. Nxd4 Nf6 5. Nc3 e6 6. Nxc6 bxc6 7. e5 Nd5 8. Ne4 Qc7 9. f4 Qb6 10. a3 Ne3 11. Qd2 Nxf1 12. Rxf1 Be7 13. Nd6+ Bxd6 14. Qxd6 Ba6 15. Rf2 f5 16. exf6 gxf6 17. f5 O-O-O 18. b4 Rhe8 19. Bf4 exf5+ 20. Kd2 Qxf2+ 0-1


[Site "https://www.chess.com"]

[Event "Titled Tuesday Blitz August 08 Late 2023"]
[White "Zarubitski, Viachaslau"]
[Black "Ashraf, Artin"]
[WhiteFideId "13509373"]
[BlackFideId "22514805"]
[WhiteElo "2647"]
[BlackElo "2829"]
[Result "0-1"]
[Round "8"]
[TimeControl "180+1"]
[Date "2023.08.08"]
[WhiteClock "0:00:03"]
[BlackClock "0:00:09"]
[Board "26"]

1. e4 c5 2. Nf3 d6 3. Bb5+ Bd7 4. Bxd7+ Qxd7 5. c4 Nc6 6. Nc3 e5 7. d3 Be7 8. O-O Bd8 9. a3 Nge7 10. Rb1 Ba5 11. Nd5 Nxd5 12. exd5 Ne7 13. b4 Bb6 14. Be3 Nf5 15. bxc5 Nxe3 16. fxe3 Bxc5 17. d4 Bb6 18. c5 dxc5 19. Nxe5 Qxd5 20. Nxf7 O-O 21. Ne5 cxd4 22. Rxf8+ Rxf8 23. Nf3 d3 24. Qb3 Bxe3+ 25. Kf1 Qxb3 26. Rxb3 Rd8 27. Ke1 b6 28. Ne5 Bf4 29. Nxd3 Bxh2 30. Ke2 Bd6 31. a4 Rd7 32. Rb5 Kf7 33. a5 bxa5 34. Rxa5 Ke6 35. Kf3 Rb7 36. Ke4 Rc7 37. Ra6 Kd7 38. Kd5 Bg3 39. Nc5+ Ke7 40. Re6+ Kf7 41. Ra6 Bf2 42. Ne4 Bb6 43. Ra3 Rd7+ 44. Ke5 Kg6 45. Kf4 Rf7+ 46. Ke5 Re7+ 47. Kd5 h5 48. Rg3+ Kh6 49. Ra3 g5 50. Nd6 Kg6 51. Rc3 g4 52. Rc6 Kg5 53. Ne4+ Kf4 54. Rf6+ Ke3 55. Rh6 Rxe4 56. Rxh5 Rd4+ 57. Kc6 Kf2 58. g3 Kxg3 59. Rf5 Rf4 60. Rg5 Kf3 61. Rd5 g3 62. Rd3+ Be3 0-1


[Site "https://www.chess.com"]

[Event "Titled Tuesday Blitz August 08 Late 2023"]
[White "Kozusek, Daniel"]
[Black "Pakleza, Zbigniew"]
[WhiteFideId "349500"]
[BlackFideId "1119290"]
[WhiteElo "2548"]
[BlackElo "2818"]
[Result "0-1"]
[Round "8"]
[TimeControl "180+1"]
[Date "2023.08.08"]
[WhiteClock "0:00:00"]
[BlackClock "0:00:02"]
[Board "27"]

1. d4 d6 2. Nf3 Bg4 3. c4 c6 4. Nc3 Nd7 5. g3 Bxf3 6. exf3 e6 7. d5 exd5 8. cxd5 c5 9. Bg2 Be7 10. O-O Ngf6 11. Re1 O-O 12. a4 Re8 13. Bf4 a6 14. Ne4 Nxe4 15. fxe4 Qb6 16. a5 Qc7 17. Qa4 Bf6 18. Rab1 Bd4 19. b4 Ne5 20. Bxe5 Rxe5 21. bxc5 Bxc5 22. Re2 h5 23. Reb2 Rb8 24. Kf1 h4 25. Rc1 Qd8 26. Rcb1 Qf6 27. Qc2 hxg3 28. hxg3 Re7 29. Qe2 g6 30. Qf3 Qd4 31. Rc2 Kg7 32. Qc3 Qxc3 33. Rxc3 f5 34. exf5 gxf5 35. Rf3 Kg6 36. Bh3 Re5 37. Rd1 Bb4 38. Rb3 Bxa5 39. Rdb1 Re7 40. Rf3 Rf7 41. Rfb3 Kf6 42. Kg2 Bd8 43. Rd1 b5 44. Rf3 Kg6 45. Re1 Bg5 46. Re6+ Rf6 47. Bxf5+ Kg7 48. Re7+ Kf8 49. Ra7 b4 50. Rxa6 b3 51. Bb1 Rxf3 52. Kxf3 Bf6 53. Rxd6 Bd4 54. Ke2 Ke7 55. Re6+ Kd7 56. f4 Ra8 57. Kd3 Ra1 58. Kxd4 Rxb1 59. Re3 b2 0-1


[Site "https://www.chess.com"]

[Event "Titled Tuesday Blitz August 08 Late 2023"]
[White "Bauman_Guy"]
[Black "Willy, Stephen"]
[BlackFideId "30981468"]
[WhiteElo "2803"]
[BlackElo "2543"]
[Result "1/2-1/2"]
[Round "8"]
[TimeControl "180+1"]
[Date "2023.08.08"]
[WhiteClock "0:00:10"]
[BlackClock "0:00:15"]
[Board "28"]

1. e4 d5 2. exd5 Qxd5 3. Nc3 Qd6 4. d4 Nf6 5. Nf3 a6 6. g3 Nc6 7. Bg2 Bg4 8. h3 Bxf3 9. Qxf3 Nxd4 10. Qxb7 Nxc2+ 11. Kf1 Rd8 12. Rb1 g6 13. Bc6+ Nd7 14. Bf4 Qb4 15. Qxa6 Nd4 16. Rd1 Nxc6 17. Qxc6 Qb6 18. Qa4 e6 19. Nb5 Rc8 20. Rxd7 Qc6 21. Nxc7+ Kxd7 22. Qxc6+ Kxc6 23. Ke2 Bd6 24. Rc1+ Kd7 25. Rd1 Kxc7 26. Rxd6 g5 27. Be5 f6 28. Rxe6+ fxe5 29. Rxe5 Rhe8 30. Rxe8 Rxe8+ 31. Kf3 h6 32. b4 Kc6 33. Kg4 Re2 34. Kh5 Rxf2 35. Kxh6 Rf3 36. g4 Rxh3+ 37. Kxg5 Kb5 38. Kf6 Rf3+ 39. Ke5 Kxb4 40. g5 Kc5 41. g6 Re3+ 42. Kf6 Kd6 43. g7 Rf3+ 44. Kg6 Rg3+ 45. Kf7 Rf3+ 46. Ke8 Re3+ 47. Kf7 Rf3+ 48. Ke8 Rg3 49. Kf7 Rf3+ 1/2-1/2


[Site "https://www.chess.com"]

[Event "Titled Tuesday Blitz August 08 Late 2023"]
[White "Zeman, Matyas"]
[Black "Fier, Alexandr"]
[WhiteFideId "364398"]
[BlackFideId "2107139"]
[WhiteElo "2519"]
[BlackElo "2783"]
[Result "0-1"]
[Round "8"]
[TimeControl "180+1"]
[Date "2023.08.08"]
[WhiteClock "0:00:04"]
[BlackClock "0:01:01"]
[Board "29"]

1. d4 Nf6 2. Nf3 e6 3. Bf4 c5 4. e3 Qb6 5. Qc1 Nc6 6. c3 d5 7. Nbd2 Bd7 8. Rb1 Rc8 9. Qd1 Be7 10. Bd3 Nh5 11. Bg5 f6 12. Bh4 g6 13. O-O O-O 14. dxc5 Qxc5 15. Bg3 Nxg3 16. hxg3 e5 17. e4 Be6 18. exd5 Bxd5 19. Qe2 Be6 20. Bc4 Bxc4 21. Nxc4 Qb5 22. Rfe1 Rfd8 23. g4 g5 24. Ne3 Qxe2 25. Rxe2 Kf7 26. Nf5 Bc5 27. Nd2 Ne7 28. Nxe7 Bxe7 29. Ne4 b5 30. b3 Ke6 31. Ree1 h5 32. f3 hxg4 33. fxg4 Rd3 34. Rbd1 Rcd8 35. Rxd3 Rxd3 36. Kf2 f5 37. gxf5+ Kxf5 38. Ng3+ Ke6 39. Ne4 g4 40. Ke2 Rd8 41. Rf1 a5 42. Rh1 a4 43. b4 Kd5 44. Kd3 Ke6+ 45. Ke3 Bf8 46. Rh7 Rd1 47. Ng5+ Kf5 48. Rf7+ Kxg5 49. Rxf8 Ra1 50. Rf2 g3 51. Re2 Kg4 52. Ke4 Rc1 53. Kd3 Kf4 54. Re4+ Kf5 55. Re3 Ra1 56. Re2 a3 57. c4 e4+ 58. Kd4 Rd1+ 59. Kc5 bxc4 60. Kxc4 Rb1 61. Kc3 Kf4 62. Rd2 Ke3 63. Rc2 Rb2 64. Rxb2 axb2 65. Kxb2 Kd2 66. b5 e3 67. b6 e2 68. b7 e1=Q 69. b8=Q Qf2 70. Qd6+ Ke1+ 71. Kb3 Qxg2 72. Qd3 Qf2 73. Qb1+ Ke2 74. Qc2+ Kf3 75. Qf5+ Kg2 76. a4 Qxf5 0-1


[Site "https://www.chess.com"]

[Event "Titled Tuesday Blitz August 08 Late 2023"]
[White "Hristodoulou, Panagiotis"]
[Black "Haydon, David L"]
[WhiteFideId "4214340"]
[BlackFideId "415405"]
[WhiteElo "2507"]
[BlackElo "2782"]
[Result "0-1"]
[Round "8"]
[TimeControl "180+1"]
[Date "2023.08.08"]
[WhiteClock "0:00:00"]
[BlackClock "0:00:51"]
[Board "30"]

1. d4 c6 2. Nc3 d5 3. e4 dxe4 4. Nxe4 Bf5 5. Ng3 Bg6 6. Nf3 Nd7 7. Be2 e6 8. O-O Bd6 9. Re1 Ngf6 10. c4 Qc7 11. Nh4 O-O 12. Nxg6 hxg6 13. Bf3 c5 14. dxc5 Bxc5 15. Qe2 Rad8 16. Bd2 Nb6 17. Rac1 Qe7 18. a3 Qc7 19. Red1 Na4 20. b4 Bd4 21. Be3 Nc3 22. Rxc3 Bxc3 23. Bxa7 Rxd1+ 24. Qxd1 b6 25. Qa4 Bd4 26. Qa6 Qe5 27. Ne2 Bc5 28. g3 Qa1+ 29. Kg2 Bxb4 30. Bxb6 Qxa3 31. Qb7 Bc5 32. Qc6 Bxb6 33. Qxb6 Rc8 34. Qb5 Qc5 35. Nf4 Qxc4 36. Qb7 g5 37. Ne2 g4 38. Bc6 Qxc6+ 0-1


[Site "https://www.chess.com"]

[Event "Titled Tuesday Blitz August 08 Late 2023"]
[White "Gurevich, Dmitry"]
[Black "Kuzmicz, Krystian"]
[WhiteFideId "2000407"]
[BlackFideId "1119125"]
[WhiteElo "2489"]
[BlackElo "2765"]
[Result "0-1"]
[Round "8"]
[TimeControl "180+1"]
[Date "2023.08.08"]
[WhiteClock "0:00:00"]
[BlackClock "0:00:15"]
[Board "31"]

1. d4 g6 2. e4 Bg7 3. c4 c6 4. Nc3 d5 5. e5 Nh6 6. Nf3 O-O 7. Be2 f6 8. exf6 exf6 9. cxd5 cxd5 10. Qb3 Be6 11. Qxb7 Nd7 12. O-O Nb6 13. Qa6 Nf5 14. Re1 Nd6 15. Bf4 Ne4 16. Bd3 f5 17. Be5 Bh6 18. h4 Rf7 19. Re2 Rc8 20. Rc2 Qe8 21. Nb5 Rxc2 22. Bxc2 Bc8 23. Qa5 Nc4 24. Qe1 Qxb5 25. Bd3 Qe8 26. b3 Nxe5 27. Nxe5 Rc7 28. Qa5 Qd8 29. Nc6 Qd6 30. Nxa7 Bd7 31. Nb5 Bxb5 32. Qxb5 Kg7 33. a4 Qf4 34. Rf1 Qd2 35. Qxd5 Bf4 36. Bc4 Nxf2 37. Rxf2 Be3 38. Qe5+ Kh6 39. Qg3 Qe1+ 40. Bf1 Rc1 41. Kh2 Qxf2 0-1


[Site "https://www.chess.com"]

[Event "Titled Tuesday Blitz August 08 Late 2023"]
[White "Grigorov, Grigor"]
[Black "Sun, Rick"]
[WhiteFideId "2907313"]
[BlackFideId "30909481"]
[WhiteElo "2810"]
[BlackElo "2596"]
[Result "0-1"]
[Round "8"]
[TimeControl "180+1"]
[Date "2023.08.08"]
[WhiteClock "0:00:00"]
[BlackClock "0:00:05"]
[Board "32"]

1. d4 d6 2. e4 Nf6 3. Bd3 e5 4. c3 Nc6 5. Nf3 Bg4 6. d5 Ne7 7. h3 Bd7 8. c4 g6 9. Nc3 Bg7 10. g4 O-O 11. Be3 c5 12. Qc2 a6 13. Ne2 b5 14. b3 Ne8 15. Ng3 Rb8 16. Kf1 Kh8 17. Kg2 Qc8 18. Rab1 f5 19. Bg5 Bf6 20. Bh6 Bg7 21. Bg5 Bf6 22. exf5 gxf5 23. gxf5 Bxg5 24. Nxg5 Nxf5 25. Nxf5 Bxf5 26. Bxf5 Rxf5 27. Ne6 Ng7 28. Kf1 Rf6 29. Ng5 Rg6 30. Rg1 Qf5 31. Qxf5 Nxf5 32. Rc1 Rf8 33. Ne6 Rxg1+ 34. Kxg1 Rg8+ 35. Kf1 Nd4 36. Nc7 bxc4 37. bxc4 Rg7 38. Ne8 Rd7 39. Rb1 Rd8 40. Nc7 Nf3 41. Rb7 Nd2+ 42. Ke2 Nxc4 43. Ne6 Rg8 44. h4 h6 45. h5 Na3 46. Rd7 Nb5 47. a4 Nc3+ 48. Kd3 Nxd5 49. Rxd6 Nb4+ 50. Ke4 Rg2 51. Rd8+ Kh7 52. Rd7+ Kg8 53. Kf3 Rg1 54. Nxc5 Nc2 55. Ne4 Nd4+ 56. Ke3 Re1+ 57. Kd3 Rd1+ 58. Kc4 Re1 59. Nf6+ Kf8 60. Ra7 Ne6 61. Rxa6 Nf4 62. Ng4 Rc1+ 63. Kb3 Nd3 64. Ka2 Rc2+ 65. Kb3 Rc1 66. Ra8+ Kf7 67. Ra7+ Ke6 68. Nxh6 Kd5 69. Ra5+ Kd4 70. Nf5+ Ke4 71. Nd6+ Kd4 72. Nb5+ Ke4 73. Nc3+ Kf5 74. Ne2 Re1 75. Ng3+ Kg4 76. Rd5 Nf4 77. Rd2 e4 78. a5 e3 79. fxe3 Rxe3+ 80. Kb4 Kxg3 81. Ra2 Nd5+ 82. Kc5 Re5 83. Kd4 Rxh5 84. a6 Nc7 85. a7 Na8 86. Kc4 Rg5 87. Kd4 Kf4 88. Rf2+ Kg3 89. Rf8 Nc7 90. a8=Q Nxa8 0-1


[Site "https://www.chess.com"]

[Event "Titled Tuesday Blitz August 08 Late 2023"]
[White "Troff, Kayden"]
[Black "Bilan, Danila"]
[WhiteFideId "2047896"]
[BlackFideId "24161918"]
[WhiteElo "2786"]
[BlackElo "2593"]
[Result "0-1"]
[Round "8"]
[TimeControl "180+1"]
[Date "2023.08.08"]
[WhiteClock "0:00:14"]
[BlackClock "0:00:03"]
[Board "33"]

1. d4 d5 2. Nf3 Nf6 3. Bf4 c5 4. e3 Nc6 5. Nc3 Bg4 6. dxc5 e6 7. h3 Bxf3 8. Qxf3 Bxc5 9. Bg5 Bb4 10. Be2 h6 11. Bh4 g5 12. Bg3 Ne4 13. a3 Qa5 14. O-O Bxc3 15. bxc3 Qxc3 16. Rfd1 Ne5 17. Bb5+ Kf8 18. Bxe5 Qxe5 19. Bd3 Nc3 20. Re1 Kg7 21. a4 Rac8 22. a5 Rc7 23. Ra3 Rhc8 24. Rb3 Rb8 25. h4 b6 26. hxg5 hxg5 27. a6 Rh8 28. g3 Ne4 29. Rb4 f5 30. Bxe4 dxe4 31. Qd1 Kf6 32. Rd4 Rch7 33. Kf1 Qb5+ 34. c4 Qb2 35. Qd2 Qb3 36. Ke2 Rh2 37. Rf1 Rc8 38. Qc1 Qb4 39. Qa1 Kf7 40. Rd7+ Ke8 41. Rfd1 Qxc4+ 42. Ke1 Rh1+ 43. Kd2 Qc2# 0-1


[Site "https://www.chess.com"]

[Event "Titled Tuesday Blitz August 08 Late 2023"]
[White "Gasparyan, David"]
[Black "Miladinovic, Igor"]
[WhiteFideId "13311980"]
[BlackFideId "4203380"]
[WhiteElo "2595"]
[BlackElo "2768"]
[Result "0-1"]
[Round "8"]
[TimeControl "180+1"]
[Date "2023.08.08"]
[WhiteClock "0:00:00"]
[BlackClock "0:00:52"]
[Board "34"]

1. d4 d5 2. Bf4 c5 3. e3 Nc6 4. Nf3 Bg4 5. Be2 e6 6. O-O Bxf3 7. Bxf3 cxd4 8. exd4 Qb6 9. c3 Qxb2 10. Qb3 Qxb3 11. axb3 Kd7 12. Nd2 Bd6 13. Be3 Nge7 14. b4 Rhc8 15. Nb3 b6 16. Be2 a5 17. bxa5 Nxa5 18. Bb5+ Kd8 19. Nxa5 Rxa5 20. Rxa5 bxa5 21. Bd2 Rb8 22. c4 Bb4 23. Bf4 Rb6 24. Rc1 dxc4 25. Bxc4 Rc6 26. Rc2 Nf5 27. Be3 a4 28. Bd3 Rxc2 29. Bxc2 a3 30. Bb3 Nd6 31. Kf1 Ne4 32. f3 Nc3 33. Bd2 Nd5 34. Bxd5 Bxd2 35. Bb3 Bc3 36. d5 e5 37. Ke2 Kd7 38. Kd3 Bb4 39. Ke4 Kd6 40. g4 Bd2 41. Kd3 Bg5 42. Kc4 g6 43. Kb4 Bc1 44. Kc4 f5 45. Kd3 Kc5 46. Kc2 Bf4 47. h3 e4 48. fxe4 fxe4 49. Kc3 Be5+ 50. Kc2 Kd4 51. Ba2 e3 0-1


[Site "https://www.chess.com"]

[Event "Titled Tuesday Blitz August 08 Late 2023"]
[White "brm72"]
[Black "Klukin, Kirill"]
[BlackFideId "24199273"]
[WhiteElo "2538"]
[BlackElo "2758"]
[Result "0-1"]
[Round "8"]
[TimeControl "180+1"]
[Date "2023.08.08"]
[WhiteClock "0:00:12"]
[BlackClock "0:00:14"]
[Board "36"]

1. e4 c5 2. Nf3 Nc6 3. Bb5 g6 4. Bxc6 bxc6 5. O-O Bg7 6. c3 Nh6 7. d4 cxd4 8. cxd4 O-O 9. Nc3 f6 10. e5 fxe5 11. dxe5 Nf7 12. e6 dxe6 13. Qb3 Qb6 14. Qa3 e5 15. Be3 Qb7 16. Bc5 Bg4 17. Nd2 Rfe8 18. h3 Be6 19. Nde4 Bd5 20. Rfe1 Nd8 21. Rac1 Ne6 22. b3 Nd4 23. Na4 Qa6 24. Qb2 Rab8 25. Nac3 Qb7 26. Qd2 Rf8 27. Qe3 Nf5 28. Qg5 Bh6 29. Qg4 Bxc1 30. Rxc1 Rbd8 31. h4 Qd7 32. Re1 Nd4 33. Qg5 Qf5 34. Bxe7 Qxg5 35. hxg5 Kf7 36. Bxd8 Rxd8 37. Nf6 Ke6 38. Nxh7 Nc2 39. Re2 Nb4 40. Nf6 Kf5 41. f3 Kxg5 42. Nfxd5 cxd5 43. Rxe5+ Kf6 44. Re1 d4 45. Ne4+ Kg7 46. Rd1 Rd7 47. Kf2 Nxa2 48. Ra1 Nb4 49. Nc5 Re7 50. Re1 Rf7 51. Ne6+ Kf6 52. Re4 Nd3+ 53. Ke2 Nc1+ 54. Kd1 Nxb3 55. Nxd4 Rd7 56. Re6+ Kf7 57. Ra6 Nxd4 58. Ke1 Ne6 59. Kf2 Nc5 60. Rc6 Nd3+ 61. Ke3 Ne5 62. Rc5 Ke6 63. Ra5 Nc6 64. Ra6 Kd6 65. Ke4 Kc5 66. g3 Kb5 67. Ra1 a5 68. f4 a4 69. g4 Re7+ 70. Kd5 Nb4+ 71. Kd6 Re4 72. f5 Rxg4 73. f6 Rf4 74. Ke7 Nd5+ 75. Ke6 Nxf6 76. Ke5 Rf2 77. Rb1+ Ka5 78. Rb8 Nd7+ 79. Kd6 Nxb8 80. Kc5 Na6+ 81. Kd6 a3 82. Kc6 a2 83. Kb7 a1=Q 84. Ka8 Qh8+ 85. Ka7 Rf7# 0-1


[Site "https://www.chess.com"]

[Event "Titled Tuesday Blitz August 08 Late 2023"]
[White "Kobo, Ori"]
[Black "Sreyas Payyappat"]
[WhiteFideId "2812320"]
[BlackFideId "46674969"]
[WhiteElo "2740"]
[BlackElo "2531"]
[Result "0-1"]
[Round "8"]
[TimeControl "180+1"]
[Date "2023.08.08"]
[WhiteClock "0:00:00"]
[BlackClock "0:00:12"]
[Board "37"]

1. Nf3 Nf6 2. c4 c5 3. Nc3 Nc6 4. d4 cxd4 5. Nxd4 e6 6. g3 Qb6 7. Ndb5 Ne5 8. Bg2 a6 9. Na4 Qd8 10. Nd6+ Bxd6 11. Qxd6 Nxc4 12. Qc5 d5 13. O-O b5 14. b3 Nd6 15. Nb6 Rb8 16. Qc6+ Ke7 17. Be3 Bd7 18. Nxd7 Qxd7 19. Qxa6 Rhc8 20. Qa3 b4 21. Qb2 Nb5 22. Rfc1 d4 23. Bf4 Rb6 24. Be5 Nc3 25. Bf3 Rc5 26. Bxf6+ gxf6 27. Kg2 e5 28. h3 e4 29. Bg4 f5 30. Bh5 Rh6 31. g4 fxg4 32. Bxg4 f5 33. Qd2 Rg6 34. f3 fxg4 35. hxg4 e3 36. Qd3 Rxg4+ 37. Kf1 Rh5 38. fxg4 Qxg4 0-1


[Site "https://www.chess.com"]

[Event "Titled Tuesday Blitz August 08 Late 2023"]
[White "Delorme, Axel"]
[Black "Annaberdiyev, Meylis"]
[WhiteFideId "632023"]
[BlackFideId "14000563"]
[WhiteElo "2487"]
[BlackElo "2685"]
[Result "1-0"]
[Round "8"]
[TimeControl "180+1"]
[Date "2023.08.08"]
[WhiteClock "0:01:10"]
[BlackClock "0:00:00"]
[Board "38"]

1. e4 c5 2. Nf3 Nc6 3. Bb5 e6 4. O-O Nge7 5. Re1 a6 6. Bf1 Ng6 7. c3 Be7 8. d4 cxd4 9. cxd4 d5 10. e5 O-O 11. Nc3 Bd7 12. g3 f6 13. exf6 Rxf6 14. Bg5 Rf8 15. Bxe7 Ngxe7 16. Bh3 Nf5 17. Qd2 Qf6 18. Bxf5 Qxf5 19. Ne5 Be8 20. Nxc6 Bxc6 21. Re5 Qf6 22. Rae1 Rae8 23. f4 h6 24. Qe3 Bd7 25. a4 b5 26. axb5 axb5 27. Na2 Qe7 28. Rxd5 Bc6 29. Re5 Qb7 30. Nc3 b4 31. Ne4 Kh8 32. Nd6 Qa8 33. Nxe8 Rxe8 34. Rxe6 Rf8 35. d5 Ba4 36. d6 1-0


[Site "https://www.chess.com"]

[Event "Titled Tuesday Blitz August 08 Late 2023"]
[White "Goltsev, Dmitry"]
[Black "szachmistrz2500"]
[WhiteFideId "24176710"]
[WhiteElo "2637"]
[BlackElo "2483"]
[Result "0-1"]
[Round "8"]
[TimeControl "180+1"]
[Date "2023.08.08"]
[WhiteClock "0:00:04"]
[BlackClock "0:00:08"]
[Board "39"]

1. e4 c5 2. Nf3 d6 3. d4 cxd4 4. Nxd4 Nf6 5. Nc3 a6 6. f3 e5 7. Nf5 d5 8. Bg5 d4 9. Nb1 Bxf5 10. exf5 Be7 11. Bd3 O-O 12. O-O Qb6 13. Nd2 Nc6 14. Bxf6 Bxf6 15. Ne4 Be7 16. g4 Nb4 17. g5 Nd5 18. Qd2 Rac8 19. Qg2 Ne3 20. Qh3 f6 21. Kh1 Nxf1 22. Rxf1 Qxb2 23. Rg1 Rxc2 24. Qh5 Rc1 25. Bc4+ Kh8 26. Bf1 Qb1 27. g6 h6 28. Qh3 d3 29. Nf2 d2 30. Kg2 d1=Q 31. Nxd1 Rxd1 32. Kh1 Qc2 33. Qg2 Qc1 34. Qh3 Rfd8 35. Qg2 Re1 36. Qh3 Rdd1 37. Qxh6+ gxh6 38. g7+ Kg8 39. Bc4+ Qxc4 40. Rxe1 Rxe1+ 41. Kg2 Qe2+ 42. Kg3 Rf1 43. Kh4 Qxf3 44. h3 e4 45. a4 Qf4+ 46. Kh5 Qxf5+ 47. Kh4 Qg5# 0-1


[Site "https://www.chess.com"]

[Event "Titled Tuesday Blitz August 08 Late 2023"]
[White "Golubev, Mikhail"]
[Black "Prithu Gupta"]
[WhiteFideId "14100983"]
[BlackFideId "46618546"]
[WhiteElo "2627"]
[BlackElo "2476"]
[Result "0-1"]
[Round "8"]
[TimeControl "180+1"]
[Date "2023.08.08"]
[WhiteClock "0:00:00"]
[BlackClock "0:00:04"]
[Board "40"]

1. e4 e5 2. Nf3 Nc6 3. Bc4 Nf6 4. Ng5 d5 5. exd5 Na5 6. Bb5+ Bd7 7. Qe2 Be7 8. Bxd7+ Qxd7 9. Qxe5 O-O 10. O-O Ng4 11. Qc3 Bxg5 12. h3 Qxd5 13. hxg4 Nc6 14. Qf3 Qxf3 15. gxf3 Nd4 16. Na3 f5 17. Kg2 Rae8 18. d3 Bxc1 19. Raxc1 fxg4 20. fxg4 Nf3 21. Nc4 Re6 22. Ne3 Rg6 23. Kg3 h5 24. Rh1 hxg4 25. Rh5 Nd4 26. Rch1 Rf3+ 27. Kg2 c6 28. Rh8+ Kf7 29. Rb8 b5 30. Rb7+ Ke6 31. Nxg4 Rf4 0-1


[Site "https://www.chess.com"]

[Event "Titled Tuesday Blitz August 08 Late 2023"]
[White "Pantev, Veselin"]
[Black "Pinto, Daniel"]
[WhiteFideId "2901390"]
[BlackFideId "3303144"]
[WhiteElo "2623"]
[BlackElo "2433"]
[Result "1-0"]
[Round "8"]
[TimeControl "180+1"]
[Date "2023.08.08"]
[WhiteClock "0:01:12"]
[BlackClock "0:00:00"]
[Board "41"]

1. d4 Nf6 2. Nf3 g6 3. Bf4 Bg7 4. e3 O-O 5. Be2 c5 6. c3 cxd4 7. exd4 d6 8. O-O Nc6 9. Re1 Bf5 10. Nbd2 Nd5 11. Bg3 Rc8 12. Bf1 a6 13. Qb3 Nb6 14. a4 Na5 15. Qa2 d5 16. Ne5 f6 17. Nd3 Nac4 18. Nxc4 Nxc4 19. Nc5 b6 20. Nxa6 Kh8 21. Nb4 Qd7 22. b3 Na5 23. Bb5 Qd8 24. Rac1 g5 25. h3 Bg6 26. Red1 h5 27. c4 h4 28. Bh2 dxc4 29. bxc4 Bh5 30. f3 f5 31. d5 g4 32. fxg4 fxg4 33. hxg4 Bxg4 34. Re1 Bd4+ 35. Kh1 Rf2 36. Be5+ Kg8 37. Bxd4 Rxa2 38. Nxa2 Qf8 39. Re4 1-0


[Site "https://www.chess.com"]

[Event "Titled Tuesday Blitz August 08 Late 2023"]
[White "GaiozNigalidze"]
[Black "Harshavardhan G B"]
[BlackFideId "25059009"]
[WhiteElo "2448"]
[BlackElo "2820"]
[Result "1-0"]
[Round "8"]
[TimeControl "180+1"]
[Date "2023.08.08"]
[WhiteClock "0:00:15"]
[BlackClock "0:00:12"]
[Board "42"]

1. c4 Nf6 2. Nf3 g6 3. g3 Bg7 4. Bg2 O-O 5. O-O d6 6. b4 e5 7. Bb2 Nc6 8. b5 Ne7 9. d3 Nh5 10. Qc2 f5 11. a4 Rb8 12. a5 h6 13. Nc3 Be6 14. a6 b6 15. Na2 Qd7 16. Nb4 g5 17. d4 e4 18. d5 Bf7 19. Nd4 Bxd4 20. Bxd4 Bg6 21. Bb2 Rbe8 22. Qc3 Kh7 23. Nc2 f4 24. Nd4 Nc8 25. Ne6 Rf7 26. Bh3 Bf5 27. Bxf5+ Rxf5 28. g4 Re5 29. gxh5 R8xe6 30. dxe6 Qxe6 31. f3 Ne7 32. Qd2 Rc5 33. Qd4 Re5 34. fxe4 Qg4+ 35. Kh1 Qxe2 36. Rae1 Qxh5 37. Qd3 Ng6 38. Bxe5 Nxe5 39. Qe2 Qh3 40. Qg2 Qd3 41. Rd1 Qc3 42. c5 bxc5 43. b6 cxb6 44. Rxd6 Qe3 45. Rg1 f3 46. Qh3 Qxe4 47. Qxh6+ Kg8 48. Rxg5+ Kf7 49. Qf6+ 1-0


[Site "https://www.chess.com"]